 Dungeon Crawl Stone Soup version 0.22.1-6-g1668fe2c40 (webtiles) character file.

438 NochnoyZador the Cudgeler (level 7, -3/41 HPs)
             Began as a Gargoyle Fighter on Jan 21, 2019.
             Was an Initiate of Okawaru.
             Killed from afar by an orc wizard (12 damage)
             ... with a puff of flame
             ... on level 4 of the Dungeon.
             The game lasted 00:07:07 (2772 turns).

NochnoyZador the Cudgeler (Gargoyle Fighter)        Turns: 2772, Time: 00:07:07

Health: -3/41      AC: 11    Str: 21    XL:     7   Next: 1%
Magic:  7/7        EV:  7    Int:  9    God:    Okawaru [......]
Gold:   197        SH:  9    Dex:  9    Spells: 6/6 levels left

rFire    . . .     SeeInvis .   a - +0 flail
rCold    . . .     Gourm    .   c - +0 shield
rNeg     + . .     Faith    .   b - +0 scale mail
rPois    ∞         Spirit   .   (no helmet)
rElec    +         Reflect  .   (no cloak)
rCorr    .         Harm     .   (no gloves)
MR       .....                  (no boots)
Stlth    ..........             (no amulet)
HPRegen  0.13/turn              (no ring)
MPRegen  0.10/turn              (no ring)

@: no status effects
A: negative energy resistance 1, electricity resistance, unbreathing,
petrification resistance, rot immunity, AC +4
a: Renounce Religion


You were on level 4 of the Dungeon.
You worshipped Okawaru.
Okawaru was noncommittal.
You were not hungry.

You visited 1 branch of the dungeon, and saw 4 of its levels.

You collected 197 gold pieces.

Inventory:

Hand Weapons
 a - a +0 flail (weapon)
Missiles
 e - 133 stones (quivered)
 m - 64 arrows
 p - 65 sling bullets
Armour
 b - a +0 scale mail (worn)
 c - a +0 shield (worn)
Scrolls
 g - a scroll of teleportation {unknown}
 h - 2 scrolls of identify {unknown}
 j - a scroll of immolation {unknown}
 n - a scroll of random uselessness {unknown}
 o - a scroll of fog {unknown}
 s - a scroll of blinking {unknown}
 t - a scroll of enchant armour {unknown}
 v - a scroll of remove curse {unknown}
 w - a scroll of magic mapping {unknown}
Potions
 d - 2 potions of might
 i - a potion of magic {unknown}
 k - a potion of curing {unknown}
 l - a potion of haste {unknown}
 q - a potion of brilliance {unknown}
 u - a potion of flight {unknown}
Comestibles
 f - 7 rations
 r - 4 chunks of flesh


   Skills:
 - Level 3.2 Fighting
 * Level 7.3 Maces & Flails
 - Level 3.2 Armour
 - Level 3.2 Shields


You had 6 spell levels left.
You didn't know any spells.
Your spell library contained the following spells:

 Spells                   Type           Power        Failure   Level  Hunger
 Animate Skeleton         Necr           N/A          99%         1    ##.....
 Apportation              Tloc           #.....       99%         1    ##.....
 Confusing Touch          Hex            #.....       99%         1    ##.....
 Summon Small Mammal      Summ           #...         99%         1    ##.....


Dungeon Overview and Level Annotations

Branches:
Dungeon (4/15)
 Temple: D:4-7

Altars:
Gozag
Okawaru
Wu Jian

Shops:
D:3 *


Innate Abilities, Weirdness & Mutations

You are resistant to torment.
Your stone body is resilient. (AC +4)
You are immune to poison.
You resist negative energy. (rN+)
You are resistant to electric shocks. (rElec)
You can survive without breathing.
You are immune to petrification.
You are immune to rotting.


Message History

You closely miss the orc wizard.
The orc wizard is moderately wounded.
The orc wizard hits you but does no damage.
The orc priest hits you but does no damage.
You block the orc's attack.
The orc wizard hits you but does no damage.
You hit the orc wizard.
The orc wizard is heavily wounded.
The orc priest hits you with a hand axe.
* * * LOW HITPOINT WARNING * * *
A water moccasin skeleton comes into view.
The orc hits you but does no damage. The orc wizard hits you with a dagger.
* * * LOW HITPOINT WARNING * * *
You block the orc priest's attack.
You closely miss the orc wizard.
The orc wizard is heavily wounded.
You block the orc's attack.
The orc wizard gestures at you while chanting.
The puff of flame hits you!
You die...

.. . .. .. ##. ... #..
.... #%# ..... #.#
.....Z##.######### ##
.....lo@.........#### #.
......oo..######....###.
####......... ####...#.
####.#.##.########...
#.#..# ##.........
#...... ...######.
######.. #..#..... ....
#...#### #..##.#####


You could see an orc priest, an orc wizard, an orc, a frilled lizard and a water
moccasin skeleton.

Vanquished Creatures
  A phantom (D:4)
  An ogre (D:3)
  An orc priest (D:3)
  A jelly (D:2)
  Natasha (twice) (D:2)
  2 gnolls (D:3)
  7 adders
  3 dart slugs (D:1)
  A leopard gecko (D:3)
  9 orcs (D:3)
  A giant cockroach (D:1)
  7 goblins
  8 hobgoblins
  5 kobolds
  A ball python (D:3)
  8 bats
  5 frilled lizards
  A leopard gecko skeleton (D:4)
  15 rats
79 creatures vanquished.

Notes
Turn   | Place    | Note
-------+----------+-------------------------------------------
     0 | D:1      | NochnoyZador the Gargoyle Fighter began the quest for the
                  | Orb.
     0 | D:1      | Reached XP level 1. HP: 14/14 MP: 1/1
   188 | D:1      | Reached XP level 2. HP: 19/19 MP: 2/2
   365 | D:1      | Reached skill level 3 in Maces & Flails
   528 | D:1      | Reached XP level 3. HP: 20/23 MP: 3/3
   797 | D:2      | Reached skill level 4 in Maces & Flails
   797 | D:2      | Reached XP level 4. HP: 22/28 MP: 4/4
  1112 | D:2      | Noticed Natasha
  1118 | D:2      | Killed Natasha
  1207 | D:2      | Noticed Natasha
  1217 | D:2      | Killed Natasha
  1217 | D:2      | Reached skill level 5 in Maces & Flails
  1217 | D:2      | Reached XP level 5. HP: 10/32 MP: 5/5
  2180 | D:3      | Found an ornate altar of the Wu Jian Council.
  2188 | D:3      | Reached skill level 6 in Maces & Flails
  2206 | D:3      | Found an iron altar of Okawaru.
  2219 | D:3      | Reached XP level 6. HP: 33/37 MP: 6/6
  2268 | D:3      | Became a worshipper of Warmaster Okawaru
  2494 | D:3      | Found Gozag's Platinum Reserve.
  2495 | D:3      | Found an opulent altar of Gozag.
  2692 | D:4      | Noticed a phantom
  2728 | D:4      | Killed a phantom
  2728 | D:4      | Reached skill level 7 in Maces & Flails
  2728 | D:4      | Reached XP level 7. HP: 40/41 MP: 7/7
  2772 | D:4      | Killed from afar by an orc wizard

Skill      XL: |  1  2  3  4  5  6 |
---------------+-------------------+-----
Maces & Flails | 3 4 5 6 7 |  7.3
Fighting       | |  3.2
Armour         | |  3.2
Shields        | |  3.2

Action                   |  1- 3 |  4- 6 |  7- 9 || total
-------------------------+-------+-------+-------++-------
Melee: Flail             |   114 |   280 |    10 ||   404
  Eat: Chunk             |       |     7 |       ||     7
Armor: Scale mail        |    62 |   174 |     8 ||   244
Dodge: Dodged            |    38 |   108 |     1 ||   147
Block: Shield            |    53 |   158 |     7 ||   218
